[Event "44th Chess Olympiad Women 2022"]
[Site "Chennai"]
[Date "2022.07.29"]
[Round "1.24"]
[White "Nguyen, Thi Mai Hung"]
[Black "Khantree, Napat"]
[Result "1-0"]
[ECO "D02"]
[WhiteElo "2223"]
[BlackElo "1362"]
[Annotator "TA"]
[PlyCount "67"]
[EventDate "2022.07.29"]
[EventType "team-tourn"]
[EventCountry "IND"]
[SourceTitle "playchess.com"]
[Source "ChessBase"]
[SourceQuality "1"]
[WhiteTeam "Vietnam"]
[BlackTeam "Thailand"]
[WhiteTeamCountry "VIE"]
[BlackTeamCountry "THA"]
[TimeControl "40/5400+30:1800+30"]

1. d4 d5 2. Nf3 Nf6 3. Bf4 Bg4 4. c4 e6 5. Qb3 Qc8 ({Better is} 5... Bd6 $11 6. Bxd6 (6. Qxb7 Nbd7 $11) 6... cxd6) 6. Nc3 $14 {[%emt 0:10:46] D02: 1 d4 d5 2 Nf3 sidelines, including 2...Nf6 3 g3 and 2...Nf6 3 Bf4.} c6 7. Ne5 {[%emt 0:06:03][%cal Oe2e4] And now e4! would win. White is more active.} Bf5 {[%emt 0:05:54] Against e4} 8. Rc1 {[%emt 0:01:59] White is slightly better.} Nbd7 9. h3 {[%emt 0:02:59] [#]} h6 $146 (9... Nxe5 $11 10. Bxe5 dxc4 11. Qxc4 Qd8) ({Predecessor:} 9... Nxe5 10. dxe5 Ne4 11. cxd5 exd5 12. g4 Nc5 13. Qd1 Bg6 14. e3 Qd7 15. Bg3 h5 {½-½ (44) Vrana,F (2253)-Hejny,J (2038) Czech Republic 2017}) 10. e3 Be7 11. Be2 O-O 12. O-O Ne4 13. Rfd1 {[%emt 0:01:32] Against Nd2} Bh4 (13... Nxe5 $14 {was preferrable.} 14. Bxe5 Nxc3 15. bxc3 dxc4 16. Bxc4 Rd8) 14. cxd5 Nxc3 (14... Bxf2+ 15. Kf1 Nxe5 16. dxe5 Nxc3 17. Qxc3 $16) 15. Qxc3 (15. Rxc3 exd5 16. Bf3 Nf6 $14) (15. bxc3 $16 {Hoping for Nf3.} exd5 16. c4) 15... exd5 16. b4 Nf6 17. Qb2 Ne4 18. Rf1 Qe6 19. b5 g5 20. Bh2 f6 (20... cxb5 $16 21. Qxb5 Rac8 22. Rxc8 Qxc8) 21. Nf3 $2 ({White should play} 21. bxc6 $18 bxc6 22. Nxc6) 21... Bxh3 $2 22. Nxh4 gxh4 23. Bf4 $2 ({Don't take} 23. gxh3 Qxh3 24. f3 (24. bxc6 $2 Kh8 $19) 24... Ng3 25. bxc6 Kh8) (23. bxc6 $18 bxc6 24. gxh3 Qxh3 25. f3 (25. Rxc6 $2 Kh8 $19)) 23... Kh8 {[%emt 0:03:45] [#] White must now prevent ...Rg8.} 24. Kh2 $1 ({Don't blunder} 24. gxh3 $2 Qxh3 25. Bg4 Qxg4+ 26. Kh2 Qf3 $19) 24... Bxg2 25. Kxg2 $18 {[%emt 0:00:12] The board is on fire.} Rg8+ 26. Kh2 {[%emt 0:00:11] Strongly threatening bxc6.} h3 $2 (26... Ng5 {was called for.} 27. Bxg5 fxg5) 27. Bf3 Ng5 28. Bh1 Qg4 {[%emt 0:00:16] [#] ( -> ...Nf3+)} 29. f3 Qh4 30. Qf2 Qh5 (30... Qxf2+ $142 31. Rxf2 cxb5) 31. bxc6 {[%emt 0:02:26] White is clearly winning.} bxc6 32. Rxc6 Raf8 33. Rg1 Nxf3+ 34. Bxf3 {[%emt 0:00:57] Weighted Error Value: White=0.38/Black=0.55} 1-0

[Event "44th Chess Olympiad Women 2022"]
[Site "Chennai"]
[Date "2022.07.29"]
[Round "1.24"]
[White "Prommuang, Araya"]
[Black "Hoang, Thi Bao Tram"]
[Result "1-0"]
[ECO "B11"]
[WhiteElo "1651"]
[BlackElo "2288"]
[Annotator "TA"]
[PlyCount "69"]
[EventDate "2022.07.29"]
[EventType "team-tourn"]
[EventCountry "IND"]
[SourceTitle "playchess.com"]
[Source "ChessBase"]
[SourceQuality "1"]
[WhiteTeam "Thailand"]
[BlackTeam "Vietnam"]
[WhiteTeamCountry "THA"]
[BlackTeamCountry "VIE"]
[TimeControl "40/5400+30:1800+30"]

1. e4 c6 2. Nc3 d5 3. Nf3 Bg4 4. d4 e6 5. Be2 Bb4 6. e5 {[%emt 0:06:52] B11: Caro-Kann: Two Knights Variation.} Bxf3 7. Bxf3 c5 8. O-O {[%emt 0:04:11] The position is equal.} Nc6 9. a3 $1 Bxc3 10. bxc3 Nge7 {[%emt 0:00:21] [#]} 11. Bb2 $146 ({Predecessor:} 11. Bg4 Qd7 12. f4 cxd4 13. cxd4 g6 14. Qd3 Na5 15. Bd2 Nc4 16. Rab1 Nxd2 17. Qxd2 {0-1 (28) Tomulic,V (1852)-Zovko,M (2294) Bol 2013}) 11... O-O 12. g3 Rc8 13. Bg2 (13. Be2 $11) 13... Na5 14. f4 (14. a4 $15) 14... Nc4 {[%emt 0:03:43] Pair of Knights!} (14... Qb6 $17 15. Rb1 Nf5) 15. Bc1 $15 Qb6 16. Qd3 Rc7 17. g4 {[%emt 0:03:22] Against Nf5} Rfc8 18. dxc5 Qxc5+ 19. Kh1 Ng6 20. Qg3 Rd7 21. h4 Nb6 22. f5 Nf8 23. Bd2 d4 ({Black should try} 23... Nc4 24. Bc1 Rdc7) 24. cxd4 ({White should play} 24. f6 $11) 24... Qxd4 25. Bb4 ({Much weaker is} 25. Be3 Qc3 $15) 25... exf5 (25... h5 $11) 26. gxf5 $16 {[%emt 0:01:57] aiming for Rae1.} Rc4 (26... Qc4 $142) 27. e6 {[%emt 0:01:26] Dancing on a razor blade.} Rxb4 $2 (27... fxe6 28. fxe6 (28. Bxf8 exf5 29. Bb4 Qxh4+ 30. Qxh4 Rxh4+ 31. Kg1 g6 $16) 28... Nxe6) 28. axb4 $18 {[%emt 0:00:41] [#] Hoping for e7.} fxe6 29. fxe6 Nxe6 30. Rae1 {[%emt 0:00:46] White threatens c3 and mate.} Nf8 31. Rf4 (31. Qb3+ $142 Nd5 32. Re4 Qf6 33. Rxf6 gxf6 34. Rg4+ Ng6 35. Bxd5+ Kf8 36. Qf3) 31... Qd2 32. Qb3+ Nd5 33. Bxd5+ (33. Rff1 $142) 33... Rxd5 {[%emt 0:00:10] [#]} 34. Ref1 (34. Rxf8+ $142 $1 Kxf8 35. Qf3+ Qf4 36. Qxf4+ Rf5 37. Qxf5+ Kg8 38. Re8#) 34... Ne6 35. Rf5 {[%emt 0:00:42] Weighted Error Value: White=0.44/Black=0.86} 1-0

[Event "44th Chess Olympiad Women 2022"]
[Site "Chennai"]
[Date "2022.07.29"]
[Round "1.24"]
[White "Burbach, Anya Belle"]
[Black "Bach, Ngoc Thuy Duong"]
[Result "0-1"]
[ECO "B25"]
[WhiteElo "1375"]
[BlackElo "2192"]
[Annotator "TA"]
[PlyCount "48"]
[EventDate "2022.07.29"]
[EventType "team-tourn"]
[EventCountry "IND"]
[SourceTitle "playchess.com"]
[Source "ChessBase"]
[SourceQuality "1"]
[WhiteTeam "Thailand"]
[BlackTeam "Vietnam"]
[WhiteTeamCountry "THA"]
[BlackTeamCountry "VIE"]
[TimeControl "40/5400+30:1800+30"]

1. e4 c5 2. Nc3 Nc6 3. f4 d6 4. g3 g6 5. Bg2 Bg7 6. d3 e6 7. Nf3 Nge7 8. O-O O-O 9. Ne2 Rb8 10. c3 b5 11. Be3 b4 {[%emt 0:02:30] B25: Closed Sicilian: 3 g3, lines without early Be3.} 12. Rb1 Qa5 13. Qc2 Ba6 {[%emt 0:05:36] The position is equal.} (13... Qxa2 $2 14. Ra1 $18) 14. Nd2 {[%emt 0:06:16] [#]} Rfd8 $146 (14... Qxa2 $2 15. Ra1 b3 16. Rxa2 $18) ({Predecessor:} 14... Qb5 15. c4 Qa5 16. b3 Rbd8 17. g4 f5 18. gxf5 exf5 19. Nf3 Bc8 20. Rbd1 Qb6 {0-1 (42) Dannenberg,J-Briscoe,C (2137) Swansea 2006}) 15. f5 (15. Nb3 $11 Qb6 16. g4) 15... exf5 ({Weaker is} 15... gxf5 16. exf5 Ne5 17. fxe6 Bxd3 18. exf7+ Kh8 19. Qd1 $15) 16. exf5 {[%emt 0:00:28] [#] And now f6 would win.} gxf5 (16... bxc3 $17 17. bxc3 Ne5 18. Rxb8 Rxb8) 17. Bxc6 (17. Nb3 $11 {and White stays safe.} Qa4 18. c4) 17... Nxc6 $19 18. Nb3 Qc7 {[%emt 0:08:05] White must now prevent ...Re8.} 19. Rxf5 $2 {[%emt 0:02:12] This costs White the game.} (19. Nf4 $17) 19... Re8 20. Bg5 Ne5 21. c4 Bb7 {[%emt 0:04:53][%cal Ba6b7,Bb7e4,Be4f5][%mdl 32] [#] ( -> ...Qc6)} 22. d4 $2 (22. g4) 22... Nf3+ {[%emt 0:01:30] Black is clearly winning.} 23. Kf2 Be4 {[%emt 0:07:11] This bishop pair is nice.} 24. Qd1 Bxf5 {[%emt 0:02:25] Weighted Error Value: White=1.20/Black=0.17 (very precise)} 0-1

[Event "44th Chess Olympiad Women 2022"]
[Site "Chennai"]
[Date "2022.07.29"]
[Round "1.25"]
[White "Gueci, Tea"]
[Black "Kaslan, Victoria"]
[Result "1-0"]
[ECO "B51"]
[WhiteElo "2254"]
[BlackElo "1477"]
[Annotator "TA"]
[PlyCount "67"]
[EventDate "2022.07.29"]
[EventType "team-tourn"]
[EventCountry "IND"]
[SourceTitle "playchess.com"]
[Source "ChessBase"]
[SourceQuality "1"]
[WhiteTeam "Italy"]
[BlackTeam "Surinam"]
[WhiteTeamCountry "ITA"]
[BlackTeamCountry "SUR"]
[TimeControl "40/5400+30:1800+30"]

1. e4 c5 2. Nf3 d6 3. Bb5+ Nd7 4. d4 cxd4 5. Qxd4 a6 6. Bxd7+ Bxd7 7. c4 {[%emt 0:02:22] B51: Sicilian: Moscow Variation (3 Bb5+) without 3...Bd7.} e5 8. Qd3 Nf6 9. O-O {[%emt 0:01:52] White is slightly better.} Be7 10. Bg5 Bc6 11. Nc3 Qc7 12. Rfd1 {[%emt 0:02:52] [#] White is more active.} Rd8 $146 ({Predecessor:} 12... Nd7 13. Be3 O-O 14. Rac1 Rfc8 15. Ne1 Qd8 16. Nc2 Nc5 17. Bxc5 dxc5 18. Qg3 Qb6 {1-0 (30) Wolf,A-Schwahn,C Mecklenburg VP 1999}) 13. Rac1 O-O 14. b4 {[%emt 0:03:01][%cal Bb2b4,Bb4b5,Bb5a6][%mdl 32] Strongly threatening b5.} b6 (14... Nh5 $142) 15. b5 $16 Bb7 (15... Ba8 $16 {is a better defense.} 16. bxa6 Qa7) 16. Bxf6 $18 Bxf6 17. bxa6 Ba8 18. Nd5 Bxd5 19. cxd5 ({Resist} 19. Qxd5 $6 Ra8 $16) 19... Qa7 20. Rc6 {[%emt 0:02:10] [#] And now Rb1 would win.} Rd7 $2 (20... Ra8 $16 {might work better.} 21. Rxd6 Qxa6 22. Qxa6 Rxa6) 21. Rb1 Rb8 22. Nd2 {[%emt 0:06:38][%cal Bf3d2,Bd2c4,Bc4b6,Bb6d7][%mdl 32] Qb5 is the strong threat.} Bd8 23. Qb5 h6 {[%emt 0:08:37] White is clearly winning.} 24. Nc4 Bc7 25. a4 Kh7 26. Nxb6 Re7 27. a5 g6 28. Qd3 Ree8 29. h4 Kg7 30. Rb3 Kg8 31. Nd7 Rxb3 32. Qxb3 Bd8 {[%emt 0:00:46] [#]} 33. Rxd6 (33. Qb8 $142 $1 Qxd7 34. Rc8) 33... Bxh4 34. Qb6 {[%emt 0:01:43] Black did not feel at home in the position after the opening.  Weighted Error Value: White=0.30/Black=0.42} 1-0

[Event "44th Chess Olympiad Women 2022"]
[Site "Chennai"]
[Date "2022.07.29"]
[Round "1.25"]
[White "Cassi, Elisa"]
[Black "Wijnhard, Joelle"]
[Result "1-0"]
[WhiteElo "1922"]
[BlackElo "1291"]
[Annotator "TA"]
[PlyCount "14"]
[EventDate "2022.07.29"]
[EventType "team-tourn"]
[EventCountry "IND"]
[SourceTitle "playchess.com"]
[Source "ChessBase"]
[SourceQuality "1"]
[WhiteTeam "Italy"]
[BlackTeam "Surinam"]
[WhiteTeamCountry "ITA"]
[BlackTeamCountry "SUR"]
[TimeControl "40/5400+30:1800+30"]

1. e4 c5 2. Nf3 d6 3. d4 Bd7 4. dxc5 Qa5+ 5. Nc3 Qxc5 {[%emt 0:00:29] White is better.} 6. Be3 {[%emt 0:00:16] [#] B53: Sicilian: 2...d6: Lines with Qxd4.} Qc8 $146 ({Predecessor:} 6... Qb4 7. a3 Qa5 8. Bd3 e5 9. h3 Be7 10. O-O Nf6 11. Bc4 Bc6 12. Qd3 a6 13. Bxf7+ Kxf7 {1-0 (21) Goehring,D-Hoegen,H freechess.de 2015}) 7. Qd2 {[%emt 0:02:02] White is much more active.} Nc6 1-0

[Event "44th Chess Olympiad Women 2022"]
[Site "Chennai"]
[Date "2022.07.29"]
[Round "1.25"]
[White "Kaslan, Catherine"]
[Black "Brunello, Marina"]
[Result "0-1"]
[ECO "B90"]
[WhiteElo "1872"]
[BlackElo "2341"]
[Annotator "TA"]
[PlyCount "86"]
[EventDate "2022.07.29"]
[EventType "team-tourn"]
[EventCountry "IND"]
[SourceTitle "playchess.com"]
[Source "ChessBase"]
[SourceQuality "1"]
[WhiteTeam "Surinam"]
[BlackTeam "Italy"]
[WhiteTeamCountry "SUR"]
[BlackTeamCountry "ITA"]
[TimeControl "40/5400+30:1800+30"]

1. e4 c5 2. Nf3 d6 3. d4 cxd4 4. Nxd4 Nf6 5. Nc3 a6 6. Be3 e5 7. Nb3 Be6 8. f3 h5 9. Qd2 Nbd7 10. Nd5 {[%emt 0:02:15] The main line 10.Nd5 scores better than 10.0-0-0. B90: Sicilian Najdorf: Unusual White 6th moves, 6 Be3 Ng4 and 6 Be3 e5.} Bxd5 11. exd5 g6 12. c4 {[%emt 0:08:44] White has an edge.} b6 13. Bd3 Bg7 14. O-O a5 15. Rae1 O-O {[%emt 0:00:00] [#]} 16. Bg5 $146 ({Predecessor:} 16. a4 Nc5 17. Nxc5 bxc5 18. b3 Nd7 19. f4 exf4 20. Bxf4 Ne5 21. Bc2 Qb6 22. Kh1 {0-1 (52) Grimm,G (2146)-Chylewski,P (2294) Lodz 2022}) 16... Qc7 17. Nc1 Rae8 18. Ne2 (18. Kh1 $11) 18... e4 $15 19. fxe4 Nxe4 20. Bxe4 Rxe4 21. b3 Ree8 (21... Qc5+ $15 22. Kh1 b5) 22. Nc3 $14 {[%emt 0:03:40] Be7 is the strong threat.} Nc5 23. Bf6 (23. Nb5 $14 Qd7 24. Be3) 23... Rxe1 24. Qxe1 Qd7 25. Bxg7 Kxg7 26. Rf3 (26. Qg3 {seems wilder.} Re8 27. Nb5 Ne4 28. Qe3) 26... Re8 27. Re3 Rxe3 28. Qxe3 $11 {[%emt 0:00:04][%mdl 4096] Endgame KQN-KQN} Qf5 29. Qd4+ Kh7 30. Qf2 Qd7 31. Qf6 Kg8 32. Nb5 Ne4 33. Qd4 Qg4 {[%emt 0:02:53] Strongly threatening ...Qe2.} 34. h3 $2 (34. Nc3 $11 {and White stays safe.} Nxc3 35. Qxc3) 34... Qf4 $19 35. Nxd6 $2 (35. Nc7 {was the only chance.} g5 36. Ne8) 35... Qc1+ {[%emt 0:00:37][%mdl 64] [#] Zwischenzug} 36. Kh2 Nxd6 37. Qxb6 Qf4+ 38. Kg1 Nf5 {[%emt 0:06:06] White must now prevent ...Ne3.} 39. Qd8+ $2 (39. Qf2 Qe5 40. Qf1) 39... Kg7 40. Qxa5 Qe3+ 41. Kh2 h4 {[%emt 0:30:16] [#] ( -> ...Qf4+)} 42. Qc7 {[%emt 0:00:48] Against Qf4+} Ng3 43. Qd6 Qe1 {[%emt 0:00:37] Weighted Error Value: White=0.54/Black=0.10 (very precise)} 0-1

[Event "44th Chess Olympiad Women 2022"]
[Site "Chennai"]
[Date "2022.07.29"]
[Round "1.25"]
[White "Kaslan, Alexandra"]
[Black "Raccanello, Marianna"]
[Result "0-1"]
[WhiteElo "1435"]
[BlackElo "2067"]
[Annotator "TA"]
[PlyCount "37"]
[EventDate "2022.07.29"]
[EventType "team-tourn"]
[EventCountry "IND"]
[SourceTitle "playchess.com"]
[Source "ChessBase"]
[SourceQuality "1"]
[WhiteTeam "Surinam"]
[BlackTeam "Italy"]
[WhiteTeamCountry "SUR"]
[BlackTeamCountry "ITA"]
[TimeControl "40/5400+30:1800+30"]

1. d4 Nf6 2. Nf3 e6 3. c4 b6 4. Nc3 Bb4 5. Bd2 Bb7 6. e3 O-O 7. Bd3 d5 8. Rc1 {[%emt 0:03:26][%mdl 32768] [#] Not much happened in this game. Loss on time!? E52: Nimzo-Indian: Rubinstein: 4...0-0 5 Nf3 d5 6 Bd3 b6.} {Predecessor:} dxc4 $146 9. Bxc4 a6 10. O-O Nbd7 11. Ne4 Bxd2 12. Nexd2 c5 13. Be2 cxd4 14. Nxd4 Rc8 15. Bf3 Rxc1 16. Qxc1 Qb8 17. Bxb7 Qxb7 18. Qc6 Qb8 19. Rc1 {½-½ (19) Aleksandrov,A (2574)-Paravyan,D (2627) Moscow 2019} 0-1

[Event "44th Chess Olympiad Women 2022"]
[Site "Chennai"]
[Date "2022.07.29"]
[Round "1.26"]
[White "Vidic, Teja"]
[Black "Jonet, Davena"]
[Result "1-0"]
[ECO "B01"]
[WhiteElo "2099"]
[BlackElo "1458"]
[Annotator "TA"]
[PlyCount "69"]
[EventDate "2022.07.29"]
[EventType "team-tourn"]
[EventCountry "IND"]
[SourceTitle "playchess.com"]
[Source "ChessBase"]
[SourceQuality "1"]
[WhiteTeam "Slovenia"]
[BlackTeam "Haiti"]
[WhiteTeamCountry "SLO"]
[BlackTeamCountry "HAI"]
[TimeControl "40/5400+30:1800+30"]

1. e4 d5 2. exd5 Qxd5 3. Nc3 Qd8 4. d4 Bf5 5. Nf3 Nf6 6. Bd3 {[%emt 0:00:35] B01: Scandinavian Defence.} Bxd3 7. Qxd3 Nc6 $2 {[%emt 0:01:00] [#] This costs Black the game.} ({Better is} 7... Nbd7 $14) 8. d5 $146 {[%emt 0:01:12] White is clearly better.} ({Predecessor:} 8. O-O e6 9. Bf4 Bd6 10. Bxd6 Qxd6 11. a3 O-O 12. Ne4 Nxe4 13. Qxe4 Rad8 14. Rad1 {½-½ (35) Robers,F-Wagmann,S freechess.de 2016}) 8... Nb8 9. Qb5+ Nbd7 10. Qxb7 {[%emt 0:00:30] [#] Nb5 is the strong threat.} g6 11. Nb5 Qc8 (11... Rc8 12. Bf4 (12. Qxa7 Bg7 $16) 12... Bg7) 12. Nxc7+ Kd8 13. Qxa8 Kxc7 14. Qxa7+ Kd8 15. O-O h5 16. Be3 Ke8 17. Rfd1 Bg7 18. c4 Ne4 19. Bd4 f6 20. c5 Kf7 21. c6 Ne5 22. Bxe5 fxe5 23. d6 Bf6 {[%emt 0:02:41] [#]} 24. Nxe5+ $1 Ke6 (24... Kg7 25. d7) 25. d7 Qb8 26. Qxb8 {[%emt 0:00:13] White mates.} Rxb8 27. c7 Rg8 28. c8=Q Rxc8 29. dxc8=Q+ Kxe5 30. g3 Bg5 31. f4+ Bxf4 32. gxf4+ Kxf4 33. Rd4 Kf3 34. Qh3+ Ke2 35. Qd3# {[%emt 0:00:42] Weighted Error Value: White=0.15 (very precise) /Black=1.11} 1-0

[Event "44th Chess Olympiad Women 2022"]
[Site "Chennai"]
[Date "2022.07.29"]
[Round "1.26"]
[White "Paul, Theophane"]
[Black "Janzelj, Lara"]
[Result "0-1"]
[ECO "A43"]
[WhiteElo "1493"]
[BlackElo "2215"]
[Annotator "TA"]
[PlyCount "72"]
[EventDate "2022.07.29"]
[EventType "team-tourn"]
[EventCountry "IND"]
[SourceTitle "playchess.com"]
[Source "ChessBase"]
[SourceQuality "1"]
[WhiteTeam "Haiti"]
[BlackTeam "Slovenia"]
[WhiteTeamCountry "HAI"]
[BlackTeamCountry "SLO"]
[TimeControl "40/5400+30:1800+30"]

1. d4 c5 2. Nf3 cxd4 3. Nxd4 Nc6 4. e3 g6 5. Nc3 Bg7 6. Bc4 {[%emt 0:01:52] A43: Schmid Benoni.} Nf6 7. O-O O-O 8. Nf3 {[%emt 0:04:26] [#] The position is equal.} b6 $146 ({Predecessor:} 8... d6 9. Rb1 a6 10. Ng5 Ne5 11. Bb3 h6 12. Nge4 Nxe4 13. Nxe4 Bf5 14. Bd5 Nc6 {0-1 (58) D'Emilia,J (929)-Lenz,J (1038) LSS email 2017}) 9. Qe2 a6 10. a4 Bb7 11. e4 d6 12. Bf4 Nd7 13. Rfd1 Nce5 14. Nxe5 Nxe5 15. Bb3 Rc8 16. Qe3 (16. Bg5 $11) 16... Nc4 $15 17. Bxc4 Rxc4 18. e5 d5 (18... Re8 $15) 19. b3 Rc5 20. Rd3 $2 {[%emt 0:05:17][%mdl 8192] [#] This costs White the game.} (20. Rac1 $11 {and White has nothing to worry.}) 20... Rxc3 $1 $19 21. Rxc3 {[%emt 0:03:32] Threatens to win with Rd1.} d4 22. Qd3 {[%emt 0:02:29] Strongly threatening Rc4.} Qd5 23. Qf3 {[%emt 0:03:00] Hoping for Qxd5.} dxc3 24. Qxd5 Bxd5 25. Rd1 e6 26. f3 b5 27. a5 Rc8 28. Bg3 Bf8 29. Bf2 {[%emt 0:01:37] [#]} Bxb3 $1 30. cxb3 {[%emt 0:02:48][%mdl 4096] Endgame KRB-KRB} c2 31. Rc1 Bh6 32. Rxc2 Rxc2 33. Be1 Bd2 34. Bxd2 Rxd2 {[%emt 0:00:04] Black mates.} 35. Kf1 Rb2 36. b4 Rxb4 {[%emt 0:00:06] Weighted Error Value: White=1.03/Black=0.23 (precise)} 0-1

[Event "44th Chess Olympiad Women 2022"]
[Site "Chennai"]
[Date "2022.07.29"]
[Round "1.26"]
[White "Cadeau, Merisena"]
[Black "Rozman, Monika"]
[Result "0-1"]
[ECO "C50"]
[WhiteElo "1439"]
[BlackElo "2104"]
[Annotator "TA"]
[PlyCount "86"]
[EventDate "2022.07.29"]
[EventType "team-tourn"]
[EventCountry "IND"]
[SourceTitle "playchess.com"]
[Source "ChessBase"]
[SourceQuality "1"]
[WhiteTeam "Haiti"]
[BlackTeam "Slovenia"]
[WhiteTeamCountry "HAI"]
[BlackTeamCountry "SLO"]
[TimeControl "40/5400+30:1800+30"]

1. e4 e5 2. Nf3 Nc6 3. Bc4 Bc5 4. Nc3 Nf6 5. d3 O-O 6. Bg5 Be7 7. O-O d6 8. h3 Na5 {[%emt 0:04:17] C50: Hungarian Defence and Giuoco Pianissimo.} 9. Bb3 Nxb3 10. axb3 c6 {[%emt 0:02:03] The position is equal.} 11. Qd2 h6 12. Bh4 {[%emt 0:00:33] [#]} Nh5 $146 ({Predecessor:} 12... Be6 13. Bxf6 Bxf6 14. d4 exd4 15. Nxd4 Bd7 16. Nf5 Bxf5 17. exf5 d5 {0-1 (49) Perez Bohigas,L (1965)-Fernandez Rivero,K (1928) San Nicolas de Bari 2012}) 13. Bxe7 Qxe7 14. Rfe1 Qf6 (14... f5 $5 ) 15. Qe3 a6 16. d4 Nf4 {[%emt 0:06:22][%cal Oc8h3] aiming for ...Bxh3!} 17. Kh2 Be6 18. dxe5 dxe5 $40 {[%emt 0:00:07][%mdl 128] Black attacks.} 19. Ra5 Ng6 (19... Qg6 {is interesting.} 20. g3 Nxh3 21. Nxe5 Qh5) 20. Ne2 Rad8 21. Ng3 Bc8 22. Qc5 Rfe8 23. Nh5 Qe7 24. Qc3 Rd6 25. g3 (25. Ng3 $15) 25... f6 $17 26. g4 Red8 27. Raa1 Qc7 28. Ng3 Qb6 29. Re2 (29. Qe3 $142 c5 30. Rg1) 29... Nf4 30. Qe3 Qxe3 31. Rxe3 {[%emt 0:00:14] [#]} g6 $1 {[%emt 0:01:08][%cal Bg7g6,Bg6g5][%mdl 32] Black is more active.} 32. Ne2 {[%emt 0:00:58] [#]} h5 $1 33. gxh5 Nxh5 34. Rg1 Kf7 35. Nh4 $2 (35. h4 {was worth a try.}) 35... g5 36. Nf5 (36. Nf3 {was the only defense.}) 36... Bxf5 37. exf5 Rd2 38. Rc1 Nf4 (38... Ng7 $142 39. Re4 Nxf5) 39. Ng1 $2 (39. Nxf4 exf4 40. Rf3) 39... Rxf2+ $19 40. Kg3 Rdd2 {[%emt 0:01:22] Black mates.} 41. c3 Nh5+ 42. Kg4 Rf4+ 43. Kxh5 Rh4# {[%emt 0:00:03] Weighted Error Value: White=0.59/Black=0.13 (very precise)} 0-1

[Event "44th Chess Olympiad Women 2022"]
[Site "Chennai"]
[Date "2022.07.29"]
[Round "1.27"]
[White "Avramidou, Anastasia"]
[Black "Farrugia, Jamie"]
[Result "1-0"]
[ECO "A11"]
[WhiteElo "2274"]
[BlackElo "1547"]
[Annotator "TA"]
[PlyCount "65"]
[EventDate "2022.07.29"]
[EventType "team-tourn"]
[EventCountry "IND"]
[SourceTitle "playchess.com"]
[Source "ChessBase"]
[SourceQuality "1"]
[WhiteTeam "Greece"]
[BlackTeam "Malta"]
[WhiteTeamCountry "GRE"]
[BlackTeamCountry "MLT"]
[TimeControl "40/5400+30:1800+30"]

1. Nf3 Nf6 2. c4 c6 3. g3 d5 4. Bg2 Nbd7 5. Qc2 e5 6. d3 {[%emt 0:03:03] A11: English Opening: 1...c6.} Be7 7. O-O O-O {[%emt 0:03:44] [#]} 8. cxd5 $146 {[%emt 0:13:29] The position is equal.} ({Predecessor:} 8. e3 b6 9. Nc3 Bb7 10. b3 Bd6 11. Bb2 Re8 12. e4 d4 13. Ne2 g6 14. h3 {½-½ (59) Cekro,E (2369)-Gerusel,M (2122) Nordrheinwestfalen 2017}) 8... Nxd5 (8... cxd5 $5 9. Bd2 b6 $11) 9. Nbd2 Kh8 10. b3 Nb4 11. Qd1 f5 (11... c5 $11 {keeps the balance.}) 12. Bb2 $16 Qc7 13. Nc4 Bf6 14. Qd2 Na6 15. Rac1 {[%emt 0:03:11] White is much more active.} Re8 16. Rfd1 f4 (16... Nb6 $1 $14) 17. Bc3 ({Better is} 17. d4 {And now dxe5 would win.} e4 18. Nfe5) 17... Rb8 18. Qb2 $2 (18. d4 $16 {Black must now prevent dxe5.} e4 19. Nfe5) 18... e4 {[%emt 0:01:38][%mdl 8192] This costs Black the game.} (18... b5 $15 {keeps the upper hand.} 19. Ba5 Nb6 20. Ncxe5 Bxe5 21. Nxe5 Rxe5) 19. dxe4 $18 Rxe4 {[%emt 0:00:51] [#]} 20. Nfe5 $1 fxg3 (20... Nxe5 $142 21. Nxe5 Rxe5) (20... Rxc4 21. Nxc4) 21. Bxe4 {[%emt 0:01:34] White is clearly winning.} gxf2+ 22. Kh1 Ndc5 23. Bg2 Be6 24. Nf3 Ne4 25. Bxf6 Nxf6 26. Qe5 Qe7 (26... Bxc4 $142 27. Rxc4 Re8) 27. Bh3 Re8 28. Qxe6 Qxe6 29. Bxe6 Rxe6 30. Rd8+ Ng8 31. Nce5 h6 32. Nf7+ Kh7 {[%emt 0:00:05] [#]} 33. N7g5+ $1 {[%emt 0:00:06] Weighted Error Value: White=0.26 (precise) /Black=0.59} 1-0